 Dungeon Crawl Stone Soup version 0.30-a0-39-g42789b21ef (webtiles) character file.

Game seed: 2916247215326495202

36 ytrimaz the Insei (level 3, -1/34 HPs)
             Began as an Octopode Transmuter on Aug 29, 2022.
             Slain by Sigmund
             ... wielding a +4 vorpal scythe
              (2 damage)
             ... on level 2 of the Dungeon.
             The game lasted 00:01:48 (1510 turns).

ytrimaz the Insei (Octopode Transmuter)             Turns: 1510, Time: 00:01:49

Health: -1/34      AC: 21    Str:  9    XL:     3   Next: 37%
Magic:  4/6        EV:  2    Int: 17    God:
Gold:   52         SH:  0    Dex: 12    Spells: 0/6 levels left

rFire   . . .      SeeInvis .      - Unarmed
rCold   . . .      Faith    .    (no shield)
rNeg    . . .      Spirit   .    (helmet currently unavailable)
rPois   +          Reflect  .    (no amulet)
rElec   .          Harm     .    (no ring)
rCorr   .          Rampage  .    (no ring)
Will    .....      NoTele   +    (no ring)
Stlth   +.........               (no ring)
HPRegen 0.11/turn                (no ring)
MPRegen 0.10/turn                (no ring)
                                 (no ring)
                                 (no ring)

@: tree-form
A: stationary, stasis, torment immunity, boosted hp, almost no armour,
(amphibious), 8 rings, (camouflage 1), (gelatinous body 1), (nimble swimmer 1),
(tentacles), high MP 1, MP-powered wands
a: no special abilities


You were on level 2 of the Dungeon.
You were a tree.
You visited 1 branch of the dungeon, and saw 2 of its levels.

You collected 52 gold pieces.

Inventory:

Scrolls
 b - a scroll of fog
 c - 4 scrolls of identify
Potions
 d - a potion of curing
 e - 2 potions of degeneration {unknown}


   Skills:
 - Level 1.0 Fighting
 - Level 2.0 Dodging
 - Level 4.2 Unarmed Combat
 + Level 2.0 Spellcasting
 + Level 2.0 Transmutations
 * Level 0.6 Poison Magic


You couldn't memorise any spells.
You knew the following spells:

 Your Spells              Type           Power      Damage    Failure   Level
a - Beastly Appendage     Tmut           16%        N/A       9%          1
b - Wereblood             Tmut           8%         N/A       12%         2
c - Spider Form           Tmut/Pois      6%         N/A       32%         3

Your spell library contained the following spells:

 Spells                   Type           Power      Damage    Failure   Level
 Ice Form                 Ice/Tmut       5%         N/A       77%         4


Dungeon Overview and Level Annotations

Branches:
Dungeon (2/15)

Altars:

Shops:
D:2 (?

Annotations:
D:2 Sigmund


Innate Abilities, Weirdness & Mutations

You are a tree.
Your roots penetrate the ground, keeping you stationary.
You cannot be teleported.
You are immune to unholy pain and torment.
Your maximum health is greatly increased.
You cannot wear most types of armour.
((You are amphibious.))
You can wear up to eight rings at the same time.
((Your skin changes colour to match your surroundings (Stealth+).))
((Your rubbery body absorbs attacks. (AC +1, EV +1)))
((You are camouflaged when in or above water. (Stealth+)))
((You have tentacles for arms and can constrict up to eight enemies at once.))
You have an increased reservoir of magic. (+10% MP)
You expend magic power (3 MP) to strengthen your wands.


Message History

c - 4 scrolls of identify (gained 1)
A bat and a giant cockroach come into view.
Found a stone staircase leading down.
There are monsters nearby!
There are monsters nearby!
There are monsters nearby!
Casting: Spider Form (extremely dangerous; 34% risk of failure)
Confirm with . or Enter, or press ? or * to list all spells.
The spell is extremely dangerous to miscast (34% risk of failure)!
Continue anyway?
You turn into a venomous arachnid creature.
Unknown command.
Your transformation is almost over.
Sigmund the Dreaded comes into view.
He is wielding a +4 vorpal scythe.
The giant cockroach bites you but does no damage.
You hit the giant cockroach.
The giant cockroach is poisoned.
The giant cockroach is heavily wounded.
You kill the giant cockroach!
The bat misses you.
Sigmund shouts!
The bat hits you but does no damage.
You see here a giant cockroach corpse.
You barely miss the bat. The bat barely misses you.
You barely miss the bat. The bat completely misses you.
Unknown command.
The bat completely misses you.
Sigmund hits you from afar with a +4 vorpal scythe!
Ouch! That really hurt!
The bat hits you but does no damage.
You hit Sigmund.
Sigmund is poisoned.
Sigmund is lightly wounded.
The bat barely misses you.
Sigmund mumbles some strange words.
Sigmund flickers and vanishes!
Deactivating autopickup; reactivate with Ctrl-A.
Really quaff the potion of lignification?
Your transformation has ended.
You turn into a tree.
Your roots penetrate the ground.
The bat hits you but does no damage. Something hits you!
* * * LOW HITPOINT WARNING * * *
You die...

#......... .........
......... .........
##........ #.........
#.{........
#.♣.b....>.##
#.....>....... ##
#.†.......#.#.####.
#####.......##.#......
#..........###.##..###
#.....########......##
#.....# ###...(###..#
#.....####...##.# ##.#
#..........####.## #..


You could see a bat.

Vanquished Creatures
  An adder (D:2)
  A worm (D:2)
  5 giant cockroaches
  A goblin (D:1)
  4 hobgoblins
  3 kobolds
  A ball python (D:1)
  2 bats (D:1)
  4 rats
22 creatures vanquished.

Notes
Turn   | Place    | Note
-------+----------+-------------------------------------------
     0 | D:1      | ytrimaz the Octopode Transmuter began the quest for the
                  | Orb.
     0 | D:1      | Reached XP level 1. HP: 13/13 MP: 3/3
   386 | D:1      | Reached XP level 2. HP: 17/18 MP: 3/5
   707 | D:1      | Found a faded altar of an unknown god.
  1041 | D:1      | Gained mutation: You expend magic power (3 MP) to
                  | strengthen your wands. [potion of mutation]
  1041 | D:1      | Gained mutation: Your body sometimes deteriorates upon
                  | taking damage. [potion of mutation]
  1041 | D:1      | Gained mutation: You are agile. (Dex +4, Str/Int -1)
                  | [potion of mutation]
  1041 | D:1      | Gained mutation: Your flesh is cold resistant. (rC+)
                  | [potion of mutation]
  1042 | D:1      | Lost mutation: Your flesh is cold resistant. (rC+) [potion
                  | of mutation]
  1042 | D:1      | Lost mutation: Your body sometimes deteriorates upon taking
                  | damage. [potion of mutation]
  1042 | D:1      | Lost mutation: You are agile. (Dex +4, Str/Int -1) [potion
                  | of mutation]
  1042 | D:1      | Gained mutation: Your muscles are strong. (Str +4, Int/Dex
                  | -1) [potion of mutation]
  1042 | D:1      | Lost mutation: Your muscles are strong. (Str +4, Int/Dex
                  | -1) [potion of mutation]
  1042 | D:1      | Gained mutation: You have an increased reservoir of magic.
                  | (+10% MP) [potion of mutation]
  1067 | D:2      | Found Neamycs's Magic Scroll Boutique.
  1075 | D:2      | Reached skill level 4 in Unarmed Combat
  1075 | D:2      | Reached XP level 3. HP: 8/23 MP: 4/6
  1101 | D:1      | Learned a level 2 spell: Wereblood
  1105 | D:1      | Learned a level 3 spell: Spider Form
  1378 | D:2      | Found Ibleg's Antique Weapon Shop.
  1502 | D:2      | Noticed Sigmund
  1510 | D:2      | HP: 1/34 [something (11)]
  1510 | D:2      | Slain by Sigmund

Illustrated notes

Levels and vault maps discovered:
D:1:      zaba_arrival_water, layout_basic, hellmonk_ecumenical_altar_run_dry,
          serial_bayou_pond_c
D:2:      layout_rooms, basic_altar, serial_shops, nicolae_shop_hallway_plus,
          shop, shop, minmay_rat_hole, uniq_sigmund

Skill      XL: |  1  2 |
---------------+-------+-----
Unarmed Combat | 4 |  4.2
Fighting       | |  1.0
Dodging        | |  2.0
Spellcasting   | |  2.0
Transmutations | |  2.0
Poison Magic   | |  0.6

Action                   || total
-------------------------++-------
Melee: Unarmed           ||    49
       Tentacles         ||    11
       Constrict         ||    15
       Kick              ||     8
       Punch             ||     3
 Cast: Beastly Appendage ||    11
       Spider Form       ||     3
  Use: Scroll            ||     4
       Potion            ||     3
 Stab: Sleeping          ||     1
Armor: Skin              ||     9
Dodge: Dodged            ||    32

Table legend: (Time is in decaauts)
 A = Elapsed time spent in this place.
 B = Non-inter-level travel time spent in this place.
 C = Inter-level travel time spent in this place.
 D = Time resting spent in this place.
 E = Time spent auto-exploring this place.
 F = Levels seen in this place.
 G = Mean time per level.
                   A        B        C        D        E       F      G
               +--------+--------+--------+--------+--------+-----+--------+
         Total |   1507 |   1483 |     24 |      0 |   1269 |   2 |  753.5 |
       Dungeon |   1507 |   1483 |     24 |      0 |   1269 |   2 |  753.5 |
               +--------+--------+--------+--------+--------+-----+--------+

Top non-repeatable levels by time:
     D:1: 1261 daAuts
     D:2: 246 daAuts
